 Dungeon Crawl Stone Soup version 0.28-a0-1038-g9c4cb8273d (webtiles) character file.

Game seed: 9753052130199359171

15990 yoda5477 the Severer (level 12, -7/91 HPs)
             Began as a Demonspawn Fighter on Dec 8, 2021.
             Was a Priest of Wu Jian.
             Mangled by a thrashing horror (9 damage)
             ... on level 2 of the Abyss.
             The game lasted 01:15:07 (16240 turns).

yoda5477 the Severer (Demonspawn Fighter)          Turns: 16240, Time: 01:15:08

Health: -7/91      AC: 25    Str: 21    XL:     12   Next: 6%
Magic:  12/12      EV:  6    Int: 11    God:    Wu Jian [***...]
Gold:   612        SH:  5    Dex: 12    Spells: 11/11 levels left

rFire   . . .      SeeInvis +   P - +4 war axe (flame)
rCold   . . .      Faith    .   c - +0 buckler
rNeg    . . .      Spirit   .   r - +0 plate armour
rPois   .          Reflect  .   (helmet unavailable)
rElec   .          Harm     .   E - +0 cloak
rCorr   .          Rampage  .   q - +0 pair of gloves
Will    .....                   m - +0 pair of boots
Stlth   ..........              (no amulet)
HPRegen 0.25/turn               (no ring)
MPRegen 0.13/turn               (no ring)

@: sanguine armoured, invisible
A: antennae 3, spiny 2, sanguine armour 2
a: Renounce Religion, Wall Jump, Serpent's Lash


You were on level 2 of the Abyss.
You worshipped Wu Jian.
Wu Jian was most pleased with you.
You visited 3 branches of the dungeon, and saw 16 of its levels.
You visited the Abyss 1 time.

You collected 612 gold pieces.

Inventory:

Hand Weapons
 e - a +1 whip of flaming
 k - a +1 antimagic halberd
 n - a +0 hunting sling
 P - a +4 war axe of flaming (weapon)
Missiles
 l - 106 arrows
 x - 66 sling bullets
 B - 8 boomerangs
 C - 50 poisoned darts (quivered)
 F - 4 silver javelins
 J - 5 curare-tipped darts
 K - 2 atropa-tipped darts
Armour
 c - a +0 buckler (worn)
 m - a +0 pair of boots (worn)
 q - a +0 pair of gloves (worn)
 r - a +0 plate armour (worn)
 D - a +3 ring mail of willpower
 E - a +0 cloak (worn)
Magical Staves
 i - a staff of cold
Wands
 b - a wand of polymorph (9)
 w - a wand of digging (5)
 y - a wand of paralysis (10)
 G - a wand of iceblast (20)
 H - a wand of flame (67)
 N - a wand of charming (6)
Scrolls
 a - 2 scrolls of fear
 d - a scroll of enchant weapon
 g - a scroll of summoning {unknown}
 j - 4 scrolls of teleportation
 L - 4 scrolls of enchant armour
 M - a scroll of holy word
Potions
 f - a potion of attraction
 o - a potion of magic
 p - 2 potions of berserk rage
 s - 2 potions of flight
 t - 3 potions of curing
 u - 2 potions of mutation
 v - a potion of cancellation {unknown}
 z - 2 potions of brilliance
 A - a potion of lignification {unknown}
Miscellaneous
 O - a tin of tremorstones (2/2)


   Skills:
 + Level 7.0 Fighting
 * Level 15.0 Axes
 - Level 3.0 Slings
 + Level 6.3 Armour
 - Level 4.0 Stealth
 + Level 4.3 Shields


You had 11 spell levels left.
You didn't know any spells.
Your spell library contained the following spells:

 Spells                   Type           Power      Damage    Failure   Level
 Animate Skeleton         Necr           0%         N/A       100%        1
 Apportation              Tloc           0%         N/A       100%        1
 Freeze                   Ice            0%         1d3       100%        1
 Magic Dart               Conj           0%         1d3       100%        1
 Sandblast                Erth           0%         2d4       100%        1
 Sting                    Tmut/Pois      0%         1d3       100%        1
 Summon Small Mammal      Summ           0%         N/A       100%        1
 Call Imp                 Summ           0%         N/A       100%        2
 Corpse Rot               Necr/Air       0%         N/A       100%        2
 Passwall                 Tmut/Erth      0%         N/A       100%        2
 Poisonous Vapours        Pois/Air       0%         N/A       100%        2
 Searing Ray              Conj           0%         2d4       100%        2
 Frozen Ramparts          Ice            0%         1d2       100%        3
 Ignite Poison            Fire/Tmut/Pois 0%         N/A       100%        3
 Mephitic Cloud           Conj/Pois/Air  0%         N/A       100%        3
 Stone Arrow              Conj/Erth      0%         3d7       100%        3
 Dispel Undead            Necr           0%         3d6       100%        4
 Fulminant Prism          Conj/Hex       0%         3d6       100%        4
 Hailstorm                Conj/Ice       0%         3d3       100%        4
 Olgreb's Toxic Radiance  Pois           0%         N/A       100%        4
 Freezing Cloud           Conj/Ice/Air   0%         6-21      100%        5
 Death Channel            Necr           0%         N/A       100%        6
 Eringya's Noxious Bog    Tmut/Pois      0%         N/A       100%        6


Dungeon Overview and Level Annotations

Branches:
Dungeon (12/15)            Temple (1/1) D:4            Lair (3/6) D:8
  Snake (0/4) Lair:2
  Swamp: Lair:2-4    Shoals: Lair:2-4       Orc: D:9-12

Altars:
Ashenzari
Cheibriados
Dithmenos
Elyvilon
Fedhas
Gozag
Hepliaklqana
Kikubaaqudgha
Makhleb
Nemelex Xobeh
Okawaru
Qazlal
Ru
Sif Muna
Trog
Uskayaw
Vehumet
Wu Jian
Xom
Yredelemnul
Zin
The Shining One

Annotations:
D:4 exclusion: downstairs
D:7 2 transporters, exclusions: downstairs and sensed monster (detected), ThreePoint314's ghost, novice DsGl
D:8 Maurice
D:9 exclusion: downstairs
D:10 Erolcha
D:12 Sonja
Lair:1 exclusion: 5 sensed monsters (detected)


Innate Abilities, Weirdness & Mutations

You have a pair of large antennae on your head. (SInv)
You are mostly covered in sharp spines.
When seriously injured, your blood forms thick armour. (AC +9)


Message History

You slash the thrashing horror! You burn the thrashing horror.
The thrashing horror is moderately damaged.
The thrashing horror tramples you but does no damage. x2
The thrashing horror tramples you.
* * * LOW HITPOINT WARNING * * *
You hold your ground!
The thrashing horror tramples you but does no damage.
You fade into invisibility!
The thrashing horror roars!
You block the thrashing horror's attack.
The thrashing horror tramples you.
* * * LOW HITPOINT WARNING * * *
You stumble backwards!
The thrashing horror roars!
The thrashing horror tramples you.
* * * LOW HITPOINT WARNING * * *
You stumble backwards!
You spin and attack the thrashing horror repeatedly.
You slash the thrashing horror! You burn the thrashing horror.
The thrashing horror is heavily damaged.
You closely miss the thrashing horror.
The thrashing horror is heavily damaged.
The thrashing horror is struck by your spines.
The thrashing horror tramples you.
* * * LOW HITPOINT WARNING * * *
You stumble backwards!
Found 14 stones.
The thrashing horror roars!
The thrashing horror churns violently!
The thrashing horror seems to grow stronger.
The thrashing horror barely misses you.
The thrashing horror tramples you but does no damage.
The thrashing horror roars!
You see here 14 stones.
The thrashing horror is struck by your spines.
The thrashing horror tramples you!
* * * LOW HITPOINT WARNING * * *
You hold your ground!
The thrashing horror tramples you but does no damage.
The thrashing horror tramples you!
You die...

## .. ## . . .# .
#. .# #. # ##
#.#.#####.#. ##
#..@X##.#.# .##
##..#(..# # #...
#.##.##...###.###
#. ##.#..##...#.#
# ###..#.....# #.
.##..#... ####
##.#. ## ##..###
#.##.. ...# #


You could see a thrashing horror (strong).

Vanquished Creatures
  3 hydras (Lair:1)
  Pikel (D:5)
  A black mamba (Lair:2)
  A cane toad (Lair:1)
  6 kobold demonologists (D:7)
  6 komodo dragons
  A troll (D:10)
  A hornet (D:9)
  5 blink frogs (Lair:2)
  A wyvern (Lair:2)
  2 basilisks
  22 yaks
  Grum (D:8)
  A steam dragon (D:7)
  A naga (Lair:1)
  5 water moccasins
  Duvessa (D:5)
  An orc warrior (D:8)
  2 black bears
  2 necrophages
  2 wolves (D:8)
  3 ogres
  A lemure (D:4)
  3 centaurs
  5 kobold brigands
  Blork the orc (D:4)
  4 bullfrogs
  A scorpion (D:4)
  A water moccasin zombie (D:5)
  Dowan (D:5)
  5 killer bees (D:9)
  4 wights
  An electric eel (Lair:1)
  3 centaur zombies
  5 hounds
  A gnoll shaman (D:6)
  3 jellies
  10 orc priests
  2 centaur skeletons (D:4)
  3 iguanas
  Jessica (D:2)
  14 orc wizards
  A killer bee zombie (D:7)
  Robin (D:1)
  14 gnolls
  5 adders
  2 howler monkey skeletons
  An ufetubus (D:6)
  4 worms
  2 dart slugs
  25 orcs
  2 endoplasms
  6 giant cockroaches
  10 goblins
  10 hobgoblins
  2 jackals (D:2)
  6 quokkas
  A ball python (D:2)
  8 bats
  A frilled lizard (D:3)
  17 kobolds
  7 rats
263 creatures vanquished.

Vanquished Creatures (others)
  A fungus (Lair:1)
  10 plants
  8 starspawn tentacles (Abyss:2)
19 creatures vanquished.

Grand Total: 282 creatures vanquished

Notes
Turn   | Place    | Note
-------+----------+-------------------------------------------
     0 | D:1      | yoda5477 the Demonspawn Fighter began the quest for the
                  | Orb.
     0 | D:1      | Reached XP level 1. HP: 18/18 MP: 1/1
    90 | D:1      | Reached skill level 2 in Axes
    97 | D:1      | Gained mutation: You have a pair of small antennae on your
                  | head. [demonic ancestry]
    97 | D:1      | Reached XP level 2. HP: 18/24 MP: 2/2
   417 | D:1      | Found a faded altar of an unknown god.
   612 | D:2      | Noticed Robin
   671 | D:1      | Killed Robin
   672 | D:1      | Gained mutation: You are partially covered in sharp spines.
                  | [demonic ancestry]
   672 | D:1      | Reached XP level 3. HP: 23/29 MP: 3/3
   745 | D:2      | Reached skill level 3 in Axes
   907 | D:2      | Noticed Jessica
   916 | D:2      | Killed Jessica
   917 | D:2      | Gained mutation: You have a pair of antennae on your head.
                  | [demonic ancestry]
   917 | D:2      | Reached XP level 4. HP: 34/35 MP: 4/4
   931 | D:2      | Reached skill level 4 in Axes
  1603 | D:2      | Reached XP level 5. HP: 41/41 MP: 5/5
  2301 | D:3      | Found an opulent altar of Gozag.
  2601 | D:4      | Reached skill level 5 in Axes
  2638 | D:4      | Gained mutation: You are mostly covered in sharp spines.
                  | [demonic ancestry]
  2638 | D:4      | Reached XP level 6. HP: 32/47 MP: 6/6
  2769 | D:4      | Found a staircase to the Ecumenical Temple.
  2776 | Temple   | Entered the Ecumenical Temple
  2905 | Temple   | Became a worshipper of the Wu Jian Council
  3054 | D:4      | Noticed Blork the orc
  3068 | D:4      | Killed Blork the orc
  3069 | D:4      | Reached skill level 6 in Axes
  3419 | D:5      | Entered Level 5 of the Dungeon
  4108 | D:5      | Noticed Dowan
  4108 | D:5      | Noticed Duvessa
  4328 | D:5      | Noticed Pikel
  4392 | D:5      | Reached XP level 7. HP: 44/52 MP: 7/7
  4478 | D:5      | Reached skill level 7 in Axes
  5072 | D:5      | Found a broken altar of Ashenzari.
  5107 | D:5      | Killed Duvessa
  5108 | D:5      | Reached skill level 1 in Stealth
  5380 | D:5      | Killed Dowan
  5381 | D:5      | Reached skill level 8 in Axes
  5442 | D:5      | Gained mutation: When seriously injured, your blood forms
                  | armour. (AC +9) [demonic ancestry]
  5442 | D:5      | Reached XP level 8. HP: 56/58 MP: 8/8
  5464 | D:5      | Killed Pikel
  5465 | D:5      | Reached skill level 9 in Axes
  5585 | D:5      | Found an iron altar of Okawaru.
  6508 | D:6      | Identified 2 scrolls of acquirement
  6508 | D:6      | Acquired a +3 war axe of flaming
  6722 | D:6      | Reached skill level 10 in Axes
  6767 | D:6      | Reached * piety under Wu Jian
  6961 | D:6      | Found a burning altar of Makhleb.
  7226 | D:7      | Reached XP level 9. HP: 63/64 MP: 9/9
  7372 | D:7      | Noticed ThreePoint314's ghost (novice DsGl)
  7380 | D:7      | Found a transporter.
  7658 | D:7      | Found a transporter.
  7707 | D:7      | Reached skill level 11 in Axes
  7861 | D:7      | Noticed a kobold demonologist
  7880 | D:7      | Noticed an orange demon
  7972 | D:7      | Acquired the +2 hat "Rimitont" {Fly rPois SInv}
  8234 | D:7      | Noticed a kobold demonologist
  8246 | D:7      | Killed a kobold demonologist
  8271 | D:7      | Noticed a kobold demonologist
  8271 | D:7      | Noticed a kobold demonologist
  8275 | D:7      | Noticed a red devil
  8275 | D:7      | Killed a kobold demonologist
  8276 | D:7      | Noticed an ice devil
  8291 | D:7      | Noticed an ice devil
  8319 | D:7      | Killed a kobold demonologist
  8320 | D:7      | Reached skill level 12 in Axes
  8365 | D:7      | Noticed a kobold demonologist
  8374 | D:7      | Noticed a red devil
  8378 | D:7      | Noticed an ice devil
  8379 | D:7      | Killed a kobold demonologist
  8380 | D:7      | Reached XP level 10. HP: 62/72 MP: 10/10
  9187 | D:8      | Reached ** piety under Wu Jian
  9209 | D:8      | Reached skill level 1 in Slings
  9234 | D:9      | Got Vewixam's Volume of Venom and Dark Rituals
  9997 | D:8      | Found a staircase to the Lair.
 10039 | D:8      | Noticed Maurice
 10175 | D:8      | Reached skill level 13 in Axes
 10460 | D:8      | Noticed Grum
 10470 | D:8      | Killed Grum
 11015 | D:9      | Reached skill level 5 in Fighting
 11230 | D:9      | Gained mutation: When seriously injured, your blood forms
                  | thick armour. (AC +9) [demonic ancestry]
 11230 | D:9      | Reached XP level 11. HP: 54/79 MP: 11/11
 11672 | D:9      | Reached *** piety under Wu Jian
 11734 | D:10     | Entered Level 10 of the Dungeon
 11734 | D:10     | Noticed Erolcha
 12063 | D:12     | Noticed Sonja
 12195 | Lair:1   | Entered Level 1 of the Lair of Beasts
 12204 | Lair:1   | Noticed a five-headed hydra
 12207 | Lair:1   | Noticed a six-headed hydra
 12343 | Lair:1   | Killed a one-headed hydra
 12343 | Lair:1   | Reached skill level 14 in Axes
 12603 | Lair:1   | Reached skill level 5 in Armour
 12611 | Lair:1   | Noticed a seven-headed hydra
 12645 | Lair:1   | Killed a one-headed hydra
 13482 | Lair:1   | Killed a three-headed hydra
 14648 | Lair:2   | Found a staircase to the Snake Pit.
 15638 | Lair:2   | Gained mutation: You have a pair of large antennae on your
                  | head. (SInv) [demonic ancestry]
 15638 | Lair:2   | Reached XP level 12. HP: 66/89 MP: 12/12
 16021 | D:10     | Noticed a tengu warrior
 16057 | D:10     | Reached skill level 15 in Axes
 16145 | D:10     | Cast into level 2 of the Abyss (Erolcha)
 16166 | Abyss:2  | Noticed a tentacled starspawn
 16239 | Abyss:2  | HP: 2/91 [thrashing horror (13)]
 16240 | Abyss:2  | Mangled by a thrashing horror

Illustrated notes

Levels and vault maps discovered:
D:1:      ncdulo_lavacross, layout_rooms, basic_ecumenical_altar, minivault_24
D:2:      minmay_chambers_of_twos, layout_loops_cross,
          kennysheep_generic_room_9, uniq_jessica, uniq_robin
D:3:      layout_basic, mainiacjoe_overflow_brackets,
          mainiacjoe_overflow_24_doors, serial_park_tiny_pond, minmay_liquid_box
D:4:      layout_basic, minmay_temple_entry_arrows, minmay_misc_feat_pillars,
          grunt_decor_fettered, uniq_blork_the_orc
D:5:      layout_basic, mainiacjoe_overflow_paths, amcnicky_altar_gilded,
          uniq_pikel, uniq_duvessa
D:6:      layout_basic, nicolae_overflow_crystal_walls, hangedman_decor_opposing
D:7:      layout_loops_ring, gammafunk_ghost_stat_death, grunt_decor_cap,
          kennysheep_small_circle
D:8:      layout_basic, lair_entry_dummy, uniq_maurice, uniq_grum
D:9:      layout_roguey
D:10:     layout_long_grid, minmay_diamond_spiral, uniq_erolcha
D:11:     layout_rooms, kennysheep_orc_monster_closet_entryway,
          minmay_crystal_room, nicolae_elyvilon_temple_path
D:12:     layout_cave_pods, uniq_sonja
Temple:   minmay_crystal_spiral_temple
Lair:1:   layout_concentric_octagons, infiniplex_staircase_pool,
          grunt_megastairs_3
Lair:2:   layout_big_grid, guppyfry_snake_entry_garden, nzn_random_ring
Lair:3:   layout_cave_pods, shoals_dummy_entry, beast_lair_carwin_8,
          infiniplex_staircase_pool_2, uniq_rupert
Abyss:2:  base:
Lair:3

Skill      XL: |  1  2  3  4  5  6  7  8  9 10 11 12 |
---------------+-------------------------------------+-----
Shields        | 3 4 |  4.3
Axes           | 2 3 4 5 6 8 10 12 13 14 15 | 15.0
Stealth        | 1 2 3 4 |  4.0
Armour         | 3 4 6 |  6.3
Fighting       | 4 5 6 7 |  7.0
Slings         | 2 3 |  3.0

Action                   |  1- 3 |  4- 6 |  7- 9 | 10-12 || total
-------------------------+-------+-------+-------+-------++-------
Melee: War axe           |    72 |   136 |   173 |   417 ||   798
Throw: Dart              |       |     4 |     8 |     7 ||    19
       Stone             |       |       |     2 |       ||     2
Invok: Lunge             |       |     2 |    27 |    39 ||    68
       Whirlwind         |       |       |     5 |    99 ||   104
       Serpent's Lash    |       |       |       |     1 ||     1
  Use: Potion            |       |     1 |       |     1 ||     2
       Scroll            |       |       |    14 |    10 ||    24
 Stab: Sleeping          |       |       |       |     1 ||     1
Armor: Scale mail        |    44 |     4 |       |       ||    48
       Chain mail        |       |    55 |       |       ||    55
       Ring mail         |       |     6 |    60 |    87 ||   153
       Plate armour      |       |       |       |    30 ||    30
Dodge: Dodged            |    42 |    34 |    61 |   102 ||   239
Block: Buckler           |    25 |    28 |    30 |    68 ||   151

Table legend: (Time is in decaauts)
 A = Elapsed time spent in this place.
 B = Non-inter-level travel time spent in this place.
 C = Inter-level travel time spent in this place.
 D = Time resting spent in this place.
 E = Time spent auto-exploring this place.
 F = Levels seen in this place.
 G = Mean time per level.
                   A        B        C        D        E       F      G
               +--------+--------+--------+--------+--------+-----+--------+
         Total |  16322 |  15254 |   1068 |   5578 |   5230 |  17 |  960.1 |
       Dungeon |  12399 |  11546 |    853 |   3497 |   4306 |  12 | 1033.2 |
        Temple |    216 |    130 |     86 |      0 |    106 |   1 |  216.0 |
          Lair |   3607 |   3478 |    129 |   2081 |    818 |   3 | 1202.3 |
         Abyss |     97 |     97 |      0 |      0 |      0 |   1 |   97.0 |
               +--------+--------+--------+--------+--------+-----+--------+

Top non-repeatable levels by time:
  Lair:1: 2503 daAuts
     D:7: 2082 daAuts
     D:4: 1731 daAuts
     D:6: 1492 daAuts
     D:8: 1410 daAuts
     D:9: 1386 daAuts
     D:5: 1377 daAuts
     D:2: 1126 daAuts
  Lair:2: 1102 daAuts
     D:1: 752 daAuts
     D:3: 724 daAuts
    D:10: 285 daAuts
  Temple: 216 daAuts
 Abyss:2: 97 daAuts
    D:11: 28 daAuts
